[Event "*** Titled Tuesday 3|2 Blitz"]
[Site "Chess.com"]
[Date "2016.05.03"]
[Round "6"]
[White "platy3"]
[Black "TheCount"]
[Result "1-0"]
[WhiteElo "2651"]
[BlackElo "2534"]
[TimeControl "180+2"]
[EndTime "18:12:13 PDT"]
[Termination "platy3 won by resignation"]

1. e4 e5 2. Nf3 Nc6 3. Bb5 a6 4. Ba4 Nf6 5. d3 d6 6. c3 b5 7. Bc2 Be7 8. O-O O-O 9. h3 d5 10.
Nbd2 d4 11. cxd4 exd4 12. a4 Bb7 13. Nb3 Re8 14. Bf4 h6 15. Qd2 Bb4 16. Qd1 Bd6 17.
Qd2 Bxf4 18. Qxf4 Nb4 19. Rfc1 Rc8 20. axb5 axb5 21. Nc5 Bc6 22. Bb3 Qd6 23. Qd2 1-0

[Event "*** Titled Tuesday 3|2 Blitz"]
[Site "Chess.com"]
[Date "2016.05.03"]
[Round "6"]
[White "Noukii"]
[Black "rookoco"]
[Result "1-0"]
[WhiteElo "2703"]
[BlackElo "2456"]
[TimeControl "180+2"]
[EndTime "18:12:20 PDT"]
[Termination "Noukii won by resignation"]

1. d4 d5 2. Nf3 c6 3. c4 Nf6 4. Nc3 dxc4 5. a4 e6 6. e4 Bb4 7. Bxc4 Nxe4 8. O-O Nf6 9. Bg5 Nbd7 10. Qe2 Be7 11.
Rfe1 O-O 12. Rad1 Nb6 13. Bb3 Nfd5 14. Bd2 a5 15. Ne5 Nd7 16. Nf3 Bb4 17. Qe4 N7f6 18. Qh4 Be7 19. Bc2 Nb4 20. Bb1 b5 21. Bg5 g6 22.
axb5 cxb5 23. d5 Nbxd5 24. Nxd5 Nxd5 25. Rxd5 Qxd5 26. Bxe7 Re8 27. Be4 1-0

[Event "*** Titled Tuesday 3|2 Blitz"]
[Site "Chess.com"]
[Date "2016.05.03"]
[Round "6"]
[White "andretta"]
[Black "Quiet_Desperation"]
[Result "0-1"]
[WhiteElo "2166"]
[BlackElo "2276"]
[TimeControl "180+2"]
[EndTime "18:12:51 PDT"]
[Termination "Quiet_Desperation won by resignation"]

1. Nf3 Nf6 2. c4 e6 3. g3 b6 4.
Bg2 Bb7 5. O-O Be7 6. b3 O-O 7.
Bb2 d5 8. e3 c5 9. Nc3 Nc6 10.
cxd5 exd5 11. d4 Rc8 12. Ne5 Nxe5 13. dxe5 Ne4 14. Nxe4 dxe4 15. Qc2 c4 16. bxc4 b5 17. Rfd1 Qa5 18. Bxe4 Rxc4 19. Bxh7+ Kh8 20. Qf5 Bc8 21.
Qh5 Bg4 0-1

[Event "*** Titled Tuesday 3|2 Blitz"]
[Site "Chess.com"]
[Date "2016.05.03"]
[Round "6"]
[White "GMG"]
[Black "MbMaster"]
[Result "0-1"]
[WhiteElo "2413"]
[BlackElo "2240"]
[TimeControl "180+2"]
[EndTime "18:13:55 PDT"]
[Termination "MbMaster won by resignation"]

1. c4 e6 2. Nf3 Nf6 3. d4 d5 4. Bg5 dxc4 5. Qa4+ Nbd7 6. e3 h6 7. Bh4 Be7 8. Nbd2 O-O 9. Qxc4 c5 10. dxc5 Nxc5 11. Bxf6 gxf6 12. b4 Nd7 13. Qf4 Kh7 14. Bd3+ f5 15. g4 Nf6 16. Bc2 Nd5 17. Qc4 Nxb4 18.
gxf5 Nxc2+ 19. Qxc2 exf5 20. Nd4 Qd5 21. Rg1 Bf6 22.
N2b3 Bd7 23. Rd1 Rg8 24. Rg3 Rac8 25. Qd3 Qe4 26. Qe2 Be5 27. f4 Bf6 28. Nf3 Rc2 29. Nbd2 Rxg3 30. hxg3 Qe6 31. Qd3 Rxa2 32. Rc1 Bc6 33.
Nh4 Bxh4 34. gxh4 Qg6 35. Kf2 Qg2+ 0-1

[Event "*** Titled Tuesday 3|2 Blitz"]
[Site "Chess.com"]
[Date "2016.05.03"]
[Round "6"]
[White "Zazuliak"]
[Black "PowerThinking2650"]
[Result "1-0"]
[WhiteElo "2370"]
[BlackElo "2175"]
[TimeControl "180+2"]
[EndTime "18:14:02 PDT"]
[Termination "Zazuliak won by resignation"]

1. d4 Nf6 2. Nf3 g6 3. Bf4 Bg7 4. c3 O-O 5. e3 b6 6. Nbd2 Bb7 7. Bc4 Ne4 8. O-O Nxd2 9. Nxd2 d6 10. Be2 e5 11.
Bg3 f5 12. f4 exd4 13. exd4 Nd7 14. Bf3 Bxf3 15. Qxf3 Nf6 16. Bh4 Qd7 17. Bxf6 Bxf6 18. Qd5+ Kg7 19. Rae1 c6 20. Qe6 Qc7 21. Nf3 Rf7 22.
Ng5 Bxg5 23. fxg5 Rd8 24. Re2 Rdd7 25. Rfe1 f4 26. Qe8 c5 27. d5 c4 28. Qe4 b5 29.
Qd4+ Kg8 30. Re8+ Rf8 31. Rxf8+ 1-0

[Event "*** Titled Tuesday 3|2 Blitz"]
[Site "Chess.com"]
[Date "2016.05.03"]
[Round "6"]
[White "AkshatChandra"]
[Black "E-Shaposhnikov"]
[Result "0-1"]
[WhiteElo "2617"]
[BlackElo "2485"]
[TimeControl "180+2"]
[EndTime "18:14:18 PDT"]
[Termination "E-Shaposhnikov won on time"]

1. e4 c5 2. Nf3 e6 3. d4 cxd4 4. Nxd4 a6 5. Bd3 Nf6 6. O-O e5 7. Bg5 h6 8. Bxf6 Qxf6 9. Nf5 g6 10. Ne3 Nc6 11. Nc3 Bg7 12. Ncd5 Qd8 13. a4 O-O 14. c3 d6 15. b4 Be6 16. a5 f5 17. Bc4 fxe4 18. Nb6 Bxc4 19. Nexc4 Rb8 20. Nxd6 e3 21. Qd5+ Kh7 22. fxe3 Qg5 23. Qe4 Qe7 24. Ndc4 Rbd8 25. g3 Qe6 26. Kg2 h5 27. Rxf8 Rxf8 0-1

[Event "*** Titled Tuesday 3|2 Blitz"]
[Site "Chess.com"]
[Date "2016.05.03"]
[Round "6"]
[White "Assasin14"]
[Black "tactics321"]
[Result "1-0"]
[WhiteElo "2052"]
[BlackElo "2114"]
[TimeControl "180+2"]
[EndTime "18:14:18 PDT"]
[Termination "Assasin14 won by resignation"]

1. e4 e5 2. Nf3 Nc6 3. Bb5 Nf6 4. Qe2 Bd6 5. c3 O-O 6. O-O Re8 7. d3 Bf8 8. Nbd2 a6 9. Ba4 b5 10. Bb3 d6 11.
Re1 Bb7 12. Nf1 h6 13. Ne3 Ne7 14. Nh4 d5 15. f3 c5 16. Nef5 Nxf5 17. Nxf5 c4 18.
Bc2 Bc5+ 19. Kh1 dxe4 20. dxe4 Bc8 21. a4 Bxf5 22. exf5 Qb6 23. axb5 axb5 24. Bd2 Rad8 25. b4 Bf8 26. Be3 Qc6 27. Ra5 Ra8 28. Rea1 Rxa5 29. bxa5 b4 30. Ba4 Qc8 31. Bxe8 Nxe8 32. a6 bxc3 33. a7 Qa8 34. Qxc4 Nd6 35. Qxc3 Nxf5 36. Bf2 Bd6 37. Qd3 g6 38. Qe4 1-0

[Event "*** Titled Tuesday 3|2 Blitz"]
[Site "Chess.com"]
[Date "2016.05.03"]
[Round "6"]
[White "EltajSafarli"]
[Black "Zlatan56"]
[Result "1-0"]
[WhiteElo "2734"]
[BlackElo "2590"]
[TimeControl "180+2"]
[EndTime "18:14:30 PDT"]
[Termination "EltajSafarli won on time"]

1. e4 e5 2. Nf3 Nc6 3. Bb5 Nf6 4.
O-O Nxe4 5. d4 Nd6 6. dxe5 Nxb5 7. a4 Nbd4 8. Nxd4 d5 9. Nxc6 bxc6 10. Nd2 Be7 11.
Nb3 c5 12. Na5 Qd7 13. f4 f5 14. exf6 Bxf6 15. Re1+ Kf7 16. Be3 d4 17. Qf3 Rb8 18. Bf2 Rxb2 19. Nc4 Rb4 20. Qh5+ g6 21. Qxc5 Rb7 22.
Rad1 Re8 23. Rxe8 Qxe8 24. Bxd4 Bxd4+ 25. Qxd4 Be6 26. Re1 Qe7 27. Ne5+ Kg8 28. Ng4 h5 29. f5 hxg4 30. fxe6 Rb4 31. c4 Rxa4 32. Qxg4 Kg7 33. Qd4+ Kg8 34. h3 Ra6 35. Qd7 Qh4 36. Rf1 1-0

[Event "*** Titled Tuesday 3|2 Blitz"]
[Site "Chess.com"]
[Date "2016.05.03"]
[Round "6"]
[White "AlexanderL"]
[Black "MinhGTrAn"]
[Result "0-1"]
[WhiteElo "2570"]
[BlackElo "2632"]
[TimeControl "180+2"]
[EndTime "18:14:46 PDT"]
[Termination "MinhGTrAn won by resignation"]

1. d4 Nf6 2. Bg5 e6 3. Nd2 h6 4. Bh4 Be7 5. e4 d5 6. e5 Nfd7 7. Bxe7 Qxe7 8. f4 c5 9. c3 Nc6 10. Ngf3 cxd4 11. cxd4 Qb4 12. a3 Qxb2 13. Rb1 Qxa3 14.
Bb5 Qe3+ 15. Qe2 Qxe2+ 16. Kxe2 Ndb8 17. Rhc1 Bd7 18. Nb3 b6 19. Ke3 Ke7 20. Bd3 a5 21. g4 Nb4 22. Be2 N8c6 23. Nbd2 a4 24. Bb5 a3 25.
Bxc6 Nxc6 26. Rxb6 Rhb8 27. Rxb8 Rxb8 28. Ra1 Nb4 29.
Ne1 a2 30. Nb3 Nc6 31. Nc5 Rb1 32. Rxa2 Rxe1+ 33. Kd2 Rh1 34. Ra6 Rxh2+ 35. Ke3 Rh3+ 36. Kf2 Rc3 37. Na4 Nb4 38. Ra7 Rc2+ 39. Ke1 Ra2 40. f5 Rxa4 41. f6+ gxf6 42. exf6+ Kxf6 43. Rxd7 Ra2 44. g5+ hxg5 0-1

[Event "*** Titled Tuesday 3|2 Blitz"]
[Site "Chess.com"]
[Date "2016.05.03"]
[Round "6"]
[White "brauliocuarta"]
[Black "ethylalcohol"]
[Result "0-1"]
[WhiteElo "2096"]
[BlackElo "1781"]
[TimeControl "180+2"]
[EndTime "18:14:57 PDT"]
[Termination "ethylalcohol won by resignation"]

1. d4 Nf6 2. c4 g6 3. Nc3 Bg7 4. e4 d6 5. f4 O-O 6. Nf3 c5 7. d5 Bg4 8. Be2 Nbd7 9. O-O Bxf3 10.
Bxf3 a6 11. Re1 Ne8 12. g4 Nc7 13. Qc2 b5 14. h3 bxc4 15. Ne2 Nb6 16. a4 a5 17. Ng3 Na6 18. Bd2 Nb4 19. Bxb4 cxb4 20. Rad1 Qd7 21. e5 Qxa4 22. Qb1 Qb3 23. Kg2 a4 24. e6 fxe6 25. dxe6 Ra5 26. f5 a3 27.
fxg6 Qxf3+ 28. Kh2 Qf2+ 29. Kh1 Qxg3 30. gxh7+ Kh8 31. Qg6 Qxh3+ 32. Kg1 Qg3+ 33. Kh1 Re5 34. Rf1 Qh3+ 35. Kg1 Qe3+ 36. Kh1 Rxf1+ 37. Rxf1 Qh6+ 38.
Qxh6 Bxh6 39. bxa3 bxa3 40. Ra1 Ra5 41. Kg2 a2 42.
Kf3 Bg7 0-1

[Event "*** Titled Tuesday 3|2 Blitz"]
[Site "Chess.com"]
[Date "2016.05.03"]
[Round "6"]
[White "HansCoolNiemann"]
[Black "jposthuma"]
[Result "1-0"]
[WhiteElo "2296"]
[BlackElo "2144"]
[TimeControl "180+2"]
[EndTime "18:15:06 PDT"]
[Termination "HansCoolNiemann won by resignation"]

1. d4 Nf6 2. c4 c5 3. d5 b5 4.
cxb5 a6 5. f3 g6 6. e4 d6 7. bxa6 Bxa6 8. Bxa6 Nxa6 9. Ne2 Bg7 10. Nec3 O-O 11. O-O Qb6 12. Nd2 Rfb8 13. Qe2 Nc7 14. Kh1 Nd7 15. Nc4 Qa6 16. Re1 Nb6 17. Nxb6 Qxe2 18. Rxe2 Rxb6 19. Rc2 Kf8 20. Bd2 Ke8 21.
Re1 Na6 22. Na4 Rb7 23. b3 Nc7 24. f4 f5 25. e5 dxe5 26. Nxc5 Rba7 27. fxe5 Rxa2 28. Rxa2 Rxa2 29. d6 exd6 30. exd6+ Kd8 31. Bg5+ Kc8 32. d7+ 1-0

[Event "*** Titled Tuesday 3|2 Blitz"]
[Site "Chess.com"]
[Date "2016.05.03"]
[Round "6"]
[White "Mischuk_D"]
[Black "Penguininja"]
[Result "0-1"]
[WhiteElo "2414"]
[BlackElo "2231"]
[TimeControl "180+2"]
[EndTime "18:15:14 PDT"]
[Termination "Penguininja won by resignation"]

1. e4 e5 2. Nf3 Nc6 3. d4 exd4 4. Nxd4 Bb4+ 5. c3 Bc5 6. Nb3 Bb6 7. Na3 d6 8. Nc4 Nf6 9. Bd3 O-O 10. Nxb6 axb6 11.
Bg5 Ne5 12. Be2 h6 13. Bh4 Ng6 14. Bxf6 Qxf6 15. O-O Be6 16. Nd4 Nf4 17. Bf3 Bc4 18. Re1 Rfe8 19. Qd2 c5 20. Nf5 Nd3 21. Re3 d5 22.
Rxd3 dxe4 23. Bxe4 Rxe4 24. Rf3 Rae8 25. h3 Be2 26.
Rf4 Rxf4 27. Qxf4 Bd3 28. g4 g5 29. Qf3 Be4 30. Qe3 Re6 31. Ng3 Bc6 32. Nh5 Qg6 33. Qd2 Qe4 34. f3 Qxf3 35. Rd1 Qh1+ 0-1

[Event "*** Titled Tuesday 3|2 Blitz"]
[Site "Chess.com"]
[Date "2016.05.03"]
[Round "6"]
[White "GrigorGrigorov"]
[Black "chessking2151"]
[Result "0-1"]
[WhiteElo "2517"]
[BlackElo "2328"]
[TimeControl "180+2"]
[EndTime "18:15:17 PDT"]
[Termination "chessking2151 won by checkmate"]

1. d4 Nf6 2. c4 c5 3. d5 b5 4.
cxb5 a6 5. bxa6 g6 6. Nc3 Bg7 7.
e4 O-O 8. Bc4 d6 9. Nge2 Bxa6 10. Bxa6 Nxa6 11. h3 Nd7 12. O-O Nb4 13. a3 c4 14. Be3 Nd3 15. b3 N7c5 16. bxc4 Qa5 17. Qc2 Rfb8 18. Rab1 Qxa3 19. Nb5 Qa2 20. Qxa2 Rxa2 21.
Ned4 Rba8 22. Nc6 Kf8 23. f3 Bb2 24. Bh6+ Bg7 25. Bxg7+ Kxg7 26. Nxe7 R8a6 27. Nc8 R6a4 28. Nbxd6 Re2 29. Ra1 Rb4 30. Rfb1 Rxb1+ 31. Rxb1 Nf4 32. Rb5 Ncd3 33. Rb7 Rxg2+ 34. Kf1 Rf2+ 35. Kg1 Rg2+ 36. Kh1 Nf2# 0-1

[Event "*** Titled Tuesday 3|2 Blitz"]
[Site "Chess.com"]
[Date "2016.05.03"]
[Round "6"]
[White "Zurability"]
[Black "vinceyoung15"]
[Result "1-0"]
[WhiteElo "2419"]
[BlackElo "2209"]
[TimeControl "180+2"]
[EndTime "18:15:17 PDT"]
[Termination "Zurability won by resignation"]

1. e4 c5 2. Nc3 Nc6 3. Nge2 e6 4.
d4 cxd4 5. Nxd4 Qc7 6. Be3 a6 7.
f4 Bb4 8. Nxc6 bxc6 9. Qd4 Bxc3+ 10. Qxc3 Nf6 11. e5 Nd5 12. Qc5 Nxe3 13. Qxe3 d5 14.
exd6 Qxd6 15. Qd2 Qxd2+ 16. Kxd2 O-O 17. g3 Rb8 18. Kc3 c5 19. Bc4 Rd8 20. Rhd1 Bb7 21.
Rxd8+ Rxd8 22. Re1 Kf8 23. Re5 Rc8 24. f5 exf5 25.
Rxf5 f6 26. Bd5 Bxd5 27. Rxd5 Ke7 28. Kc4 Rb8 29. b3 Rb6 30. Rxc5 Re6 31. Rc7+ Kf8 32.
a4 h5 33. b4 Re4+ 34. Kb3 g5 35. b5 axb5 36. axb5 Re1 37. c4 f5 38. c5 f4 39.
gxf4 gxf4 40. Rh7 Re5 41. Kb4 f3 42. b6 f2 43. b7 Re8 44. Rh8+ Kf7 45. Rxe8 f1=Q 46.
b8=Q Qb1+ 47. Ka5 Qa2+ 48. Kb6 Qb2+ 49. Kc7 Qxh2+ 50. Kc6 Qg2+ 51. Kd6 Qg3+ 52. Re5 Qd3+ 53. Kc7 Kf6 54. Qh8+ Kg6 55. Qxh5+ 1-0

[Event "*** Titled Tuesday 3|2 Blitz"]
[Site "Chess.com"]
[Date "2016.05.03"]
[Round "6"]
[White "chess960now"]
[Black "dsanchez1973"]
[Result "1-0"]
[WhiteElo "2020"]
[BlackElo "2005"]
[TimeControl "180+2"]
[EndTime "18:15:18 PDT"]
[Termination "chess960now won by resignation"]

1. d4 d5 2. c4 c6 3. Nf3 e6 4. e3 Nf6 5. b3 Nbd7 6. Bb2 a6 7. Nbd2 Bd6 8. Bd3 b5 9. O-O c5 10. e4 bxc4 11. bxc4 dxe4 12. Nxe4 Be7 13. dxc5 Nxe4 14. Bxe4 Rb8 15. Bxg7 Rg8 16. Bd4 f5 17. Bc2 Bb7 18.
Ba4 Qc7 19. Kh1 Bc6 20. Bxc6 Qxc6 21. Rb1 Rc8 22. Rg1 Bxc5 23. Bxc5 Qxc5 24. Rb7 Nf6 25.
Re1 Qc6 26. Ra7 Ne4 27. Qe2 Qxc4 28. Qxc4 Rxc4 29. Rxa6 Nxf2+ 30. Kg1 Nh3+ 31. Kf1 Nf4 32. Ra8+ Kf7 33. Ne5+ Kf6 34. Rxg8 Rc2 35. Nd7+ Kf7 36. Ra8 Nd3 37. Ne5+ Nxe5 38. Rxe5 1-0

[Event "*** Titled Tuesday 3|2 Blitz"]
[Site "Chess.com"]
[Date "2016.05.03"]
[Round "6"]
[White "Dr-Bassem"]
[Black "asms9699"]
[Result "1-0"]
[WhiteElo "2586"]
[BlackElo "2375"]
[TimeControl "180+2"]
[EndTime "18:15:47 PDT"]
[Termination "Dr-Bassem won by checkmate"]

1. e4 e6 2. d3 d5 3. Nd2 c5 4. g3 g6 5. Bg2 Ne7 6. Ngf3 Bg7 7. O-O Nbc6 8. Re1 O-O 9. c3 b5 10.
a3 a5 11. e5 Qc7 12. Qe2 Ba6 13.
Nf1 b4 14. h4 Rab8 15. axb4 cxb4 16. h5 bxc3 17. bxc3 Rb3 18. h6 Bh8 19. Ra3 Rfb8 20. N1h2 d4 21. Nxd4 Nxd4 22. cxd4 Bxd3 23. Qd2 Nf5 24. Qf4 Qc3 25. Bd2 Qxd4 26. Rxa5 Rb2 27. Nf3 Qd8 28. Ra7 Qb6 29. Ra3 Rd8 30. g4 Ne7 31. Ng5 Rf8 32. Rxd3 f6 33. exf6 Bxf6 34. Nxe6 Qa6 35. Qxf6 Rxf6 36. Rd8+ Rf8 37. Rxf8# 1-0

[Event "*** Titled Tuesday 3|2 Blitz"]
[Site "Chess.com"]
[Date "2016.05.03"]
[Round "6"]
[White "JusticeBot"]
[Black "oskariot"]
[Result "0-1"]
[WhiteElo "2493"]
[BlackElo "2431"]
[TimeControl "180+2"]
[EndTime "18:15:54 PDT"]
[Termination "oskariot won by checkmate"]

1. e4 c5 2. c3 d6 3. d4 Nf6 4.
Bd3 Nc6 5. Nf3 e5 6. dxe5 dxe5 7. O-O Be7 8. Qe2 O-O 9. Nbd2 Qc7 10. Nc4 Nh5 11.
Bc2 b5 12. Ncxe5 Nxe5 13. Nxe5 Qxe5 14. f4 Nxf4 15. Bxf4 Qe6 16. a4 b4 17. Bd3 Bb7 18.
Bc4 Qg6 19. e5 Rad8 20. Bg3 h5 21. Rf4 Bg5 22. Rf2 h4 23. Bf4 h3 24. Qg4 Qe4 25. Qxg5 Qxc4 26. Qg3 Rd3 27. Qh4 Bxg2 28. Re1 Rfd8 29.
e6 Rd1 30. Rd2 R8xd2 31. exf7+ Qxf7 32. Bxd2 Rxd2 33. Qg3 Rd8 34. cxb4 Rf8 35. Qd3 cxb4 36. Qe2 Qf6 37. b3 Qd4+ 38. Qe3 Qxe3+ 39. Rxe3 Rf1# 0-1

[Event "*** Titled Tuesday 3|2 Blitz"]
[Site "Chess.com"]
[Date "2016.05.03"]
[Round "6"]
[White "GM_Huschenbeth"]
[Black "DanielNaroditsky"]
[Result "1-0"]
[WhiteElo "2499"]
[BlackElo "2621"]
[TimeControl "180+2"]
[EndTime "18:15:57 PDT"]
[Termination "GM_Huschenbeth won by checkmate"]

1. e4 c5 2. Nf3 a6 3. c3 e6 4. d4 d5 5. exd5 exd5 6. Bd3 Nc6 7. O-O cxd4 8. Nxd4 Nxd4 9. cxd4 Nf6 10. Nc3 Be7 11. Qf3 h6 12. Bf4 O-O 13. Rfe1 Be6 14.
Be5 Rc8 15. h3 Qd7 16. Qg3 Kh8 17.
Rac1 b5 18. Bb1 b4 19. Qd3 g6 20. Ne2 Kg8 21. Qe3 Kh7 22. Bf4 h5 23. Bg5 Rxc1 24. Rxc1 Rc8 25. Re1 Ne4 26. Bxe7 Qxe7 27. Bxe4 dxe4 28.
Qxe4 Qd7 29. b3 Bf5 30. Qe3 Re8 31. Qd2 a5 32. Rd1 Qd5 33. Ng3 Bd7 34. Ne2 g5 35. h4 f6 36. hxg5 fxg5 37. Rc1 Bc6 38. f3 Re6 39. Rc5 Qd7 40. Qxg5 Rxe2 41. Qxh5+ Kg8 42. Rg5+ Kf8 43. Qh6+ Ke8 44. Rg8+ Kf7 45. Rg7+ Ke8 46. Qh8# 1-0

[Event "*** Titled Tuesday 3|2 Blitz"]
[Site "Chess.com"]
[Date "2016.05.03"]
[Round "6"]
[White "chesstatour"]
[Black "jeaston1"]
[Result "1-0"]
[WhiteElo "2029"]
[BlackElo "2007"]
[TimeControl "180+2"]
[EndTime "18:16:04 PDT"]
[Termination "chesstatour won by resignation"]

1. c4 e5 2. Nc3 Nf6 3. Nf3 Bc5 4. Nxe5 O-O 5. d4 Bb6 6. Bg5 d6 7. Nf3 h6 8. Bh4 Bg4 9. e3 Re8 10. Be2 Nc6 11. O-O Bxf3 12. Bxf3 g5 13. Bg3 Qd7 14. Rc1 Rab8 15. a3 Ne7 16. b4 a5 17. c5 Ba7 18. cxd6 cxd6 19. Qd3 axb4 20. axb4 Rbc8 21.
Nb5 Bb8 22. e4 Nc6 23. d5 Nxb4 24. Qd4 Qxb5 25. Rxc8 Rxc8 26. Qxf6 Bc7 27. Qxh6 Bd8 28. h4 Qe8 29. Bxd6 Nd3 30. hxg5 Ne5 31. Bh5 Ng6 32. Bg4 Rc4 33. Bf5 Rxe4 34. Bxe4 Qxe4 35. Bg3 Qxd5 36. Qh5 Bxg5 37. Rd1 Qb3 38. Re1 Qd5 39. Be5 Nxe5 40. Qxg5+ Kf8 41. Qxe5 Qc6 42. Qe4 Qc7 43. Rb1 b6 44. Qb4+ Kg8 45. Qxb6 Qe5 46. Qb8+ Kg7 47. Qxe5+ Kg6 1-0

[Event "*** Titled Tuesday 3|2 Blitz"]
[Site "Chess.com"]
[Date "2016.05.03"]
[Round "6"]
[White "StellarChessPro"]
[Black "Viaje"]
[Result "1-0"]
[WhiteElo "2293"]
[BlackElo "2159"]
[TimeControl "180+2"]
[EndTime "18:16:06 PDT"]
[Termination "StellarChessPro won by resignation"]

1. d4 Nf6 2. Bg5 c6 3. Bxf6 exf6 4. Nf3 d5 5. Nbd2 Be6 6. e4 dxe4 7. Nxe4 Nd7 8. Bd3 g6 9. c3 Bg7 10. Qc2 O-O 11.
h4 h5 12. Ng3 c5 13. O-O cxd4 14. Nxd4 Bd5 15. Rae1 Ne5 16. Be2 Rc8 17. Bxh5 Bxg2 18. Kxg2 Qxd4 19. cxd4 Rxc2 20. dxe5 gxh5 21. Nxh5 fxe5 22. Rg1 Bh8 23. Kf3+ Kh7 24. Re2 Rc4 25. Rg4 Rxg4 26. Kxg4 f5+ 27. Kf3 Rd8 28. Ng3 Kg6 29. Rc2 Bf6 30. h5+ Kg5 31. Rc7 e4+ 32. Kg2 Rd2 33.
Kf1 Bd4 34. Ne2 Bb6 35. Rg7+ Kxh5 36. Ng3+ Kh6 37. Nxf5+ Kh5 38. Rg2 Rxb2 39. Ng7+ Kh6 40. Nf5+ Kh7 41. Ng3 e3 42. fxe3 Rxg2 43. Kxg2 Bxe3 44.
Kf3 Bc5 45. Ke4 Kg6 46. Kd5 Bf2 47. Ne4 Be3 48. Nd6 b6 49. Kc6 Kf6 50. Nb5 a6 51. Nc7 a5 52. Nd5+ Ke5 53. Nxe3 Kd4 54. Kxb6 Kxe3 55.
Kxa5 Kd4 56. Kb6 Kd5 57. a4 Kd6 58. a5 Kd7 59. Kb7 1-0

[Event "*** Titled Tuesday 3|2 Blitz"]
[Site "Chess.com"]
[Date "2016.05.03"]
[Round "6"]
[White "howitzer14"]
[Black "viktorskliarov"]
[Result "1-0"]
[WhiteElo "2241"]
[BlackElo "2418"]
[TimeControl "180+2"]
[EndTime "18:16:10 PDT"]
[Termination "howitzer14 won by resignation"]

1. e4 c5 2. c3 d6 3. d4 Nf6 4.
Bd3 Qc7 5. Nf3 g6 6. h3 Bg7 7.
O-O O-O 8. Bf4 Nh5 9. Bh2 e5 10.
Na3 a6 11. dxe5 dxe5 12. Nc4 Nf4 13. a4 Rd8 14. Bxf4 exf4 15. Qc2 Be6 16. Ng5 Nc6 17. Nxe6 fxe6 18. a5 f3 19. g3 Be5 20. Kh2 Rf8 21.
Rg1 Rad8 22. Rad1 Qe7 23. Ne3 Nxa5 24. Ng4 Bc7 25. e5 Qg5 26. Be4 Bxe5 27. Bxf3 Bg7 28. Rxd8 Rxd8 29. Rd1 h5 30. Rxd8+ Qxd8 31. Ne3 Qf6 32.
Kg2 b5 33. b4 Nc4 34. Nxc4 bxc4 35. bxc5 Qxc3 36. Qxg6 Qe5 37. c6 c3 38. Be4 h4 39.
Qe8+ Bf8 40. Qg6+ Bg7 41. gxh4 Qc5 42. Qxe6+ Kf8 43. Qc8+ Ke7 44. Qd7+ Kf6 45. c7 1-0

[Event "*** Titled Tuesday 3|2 Blitz"]
[Site "Chess.com"]
[Date "2016.05.03"]
[Round "6"]
[White "ZEN-22"]
[Black "dretch"]
[Result "1-0"]
[WhiteElo "2413"]
[BlackElo "2563"]
[TimeControl "180+2"]
[EndTime "18:16:18 PDT"]
[Termination "ZEN-22 won on time"]

1. e4 e6 2. d4 d5 3. exd5 exd5 4.
c4 Bb4+ 5. Nc3 Ne7 6. Nf3 Nbc6 7. h3 O-O 8. a3 Bxc3+ 9. bxc3 Re8 10. Be2 dxc4 11.
O-O Nd5 12. Bxc4 Nxc3 13. Qb3 Ne2+ 14. Bxe2 Rxe2 15. Be3 Be6 16. Qd3 Rb2 17. Ng5 g6 18.
Nxe6 fxe6 19. Rfc1 Qd5 20. Rc5 Qd7 21. d5 exd5 22. Rxd5 Qe6 23. Rd1 Re8 24. Qc3 Rb1 25. Rxb1 Qxd5 26. Rxb7 Qd1+ 27. Kh2 Qd6+ 28. g3 Rf8 29. Bf4 Qd5 30. Rxc7 Nd4 31. Qc4 Nf3+ 32. Kh1 Qxc4 33. Rxc4 g5 34. Be3 h5 35. Bxa7 Kh7 36.
Be3 Kg6 37. Kg2 Ne1+ 38. Kf1 Nf3 39. Rc6+ Kf5 40. Rc5+ Ke4 41. Bxg5 Rb8 42. Rc4+ Kd3 43. Rb4 Rxb4 44. axb4 Nxg5 45. b5 Ne6 46. b6 Nd8 47. Kg2 Ke4 48. g4 h4 49. g5 Kf5 50. f4 Nb7 51. Kf3 Nd6 52. Kf2 Ne4+ 53. Ke3 Nd6 54. Kd4 Nb7 55. Kd5 Na5 56. Kc5 Kxf4 57. g6 Nb7+ 58.
Kd5 Kg3 59. g7 1-0

[Event "*** Titled Tuesday 3|2 Blitz"]
[Site "Chess.com"]
[Date "2016.05.03"]
[Round "6"]
[White "pKiLz5Rn9b"]
[Black "NaziPaiki"]
[Result "0-1"]
[WhiteElo "2417"]
[BlackElo "2665"]
[TimeControl "180+2"]
[EndTime "18:16:21 PDT"]
[Termination "NaziPaiki won by resignation"]

1. e4 c6 2. d4 d5 3. Nc3 dxe4 4. Nxe4 Bf5 5. Ng3 Bg6 6. Nf3 Nd7 7. h4 h6 8. h5 Bh7 9. Bd3 Bxd3 10. Qxd3 e6 11. Bd2 Ngf6 12. O-O-O Be7 13. Kb1 O-O 14. Ne4 c5 15. Bc1 Qc7 16. Nxf6+ Nxf6 17. dxc5 Rad8 18. Qe2 Bxc5 19. Ne5 Bd6 20. Nd3 e5 21. f3 Rfe8 22. Nf2 Bf8 23. Ne4 Qc6 24. Nxf6+ Qxf6 25. Qe4 b6 26. Be3 Qe6 27. g4 Bc5 28. Bxc5 bxc5 29. Rhe1 Rd4 30. Qe2 f6 31. c3 Rf4 32. Qe3 Qc8 33.
Rd5 Qc6 34. Red1 c4 35. Qxa7 Rxf3 36. Rd7 Qe4+ 37. Ka1 Qxg4 38. a4 Rh3 39. Rg1 Rg3 40. Rgd1 Qxh5 41. a5 Kh7 42. a6 e4 43. Qc7 Rg5 44.
R1d5 e3 45. Rd1 e2 46. Re1 Ra5+ 47. Kb1 Qf5+ 48. Kc1 Ra1+ 49. Kd2 Qg5+ 50. Kc2 Qg6+ 51. Kd2 Rd1+ 52. Rxd1 exd1=Q+ 53. Kxd1 Qb1+ 54. Kd2 Qe1+ 0-1

[Event "*** Titled Tuesday 3|2 Blitz"]
[Site "Chess.com"]
[Date "2016.05.03"]
[Round "6"]
[White "Mornar1951"]
[Black "Boryboy"]
[Result "0-1"]
[WhiteElo "2498"]
[BlackElo "2541"]
[TimeControl "180+2"]
[EndTime "18:16:24 PDT"]
[Termination "Boryboy won by checkmate"]

1. c4 e6 2. g3 d5 3. Bg2 Nf6 4.
Nf3 dxc4 5. Qa4+ Nbd7 6. Qxc4 a6 7. Qc2 Bd6 8. O-O O-O 9. Nc3 Rb8 10. b3 c5 11. Bb2 b5 12. Ng5 h6 13. Nge4 Be7 14. a4 Bb7 15. axb5 axb5 16. d3 Nd5 17.
Nxd5 exd5 18. Nc3 d4 19. Ne4 Qb6 20. Rfc1 Rbc8 21. Qd1 Nf6 22. Nxf6+ Bxf6 23. Bxb7 Qxb7 24. e4 dxe3 25. Bxf6 exf2+ 26. Kxf2 gxf6 27. Qg4+ Kh8 28. Qf4 Kg7 29. Qg4+ Kh8 30. Qh5 Kg7 31. Rxc5 Rxc5 32.
Qxc5 Rc8 33. Ra7 Qb8 34. Qd4 Rc2+ 35. Kf3 h5 36. Qd7 Qf8 37. Qxb5 Qc8 38. Qd7 Qf8 39.
Qd5 Qe8 40. Qe4 Qc8 41. g4 Rxh2 42. Kg3 Qb8+ 43. Kf3 Rh3+ 44. Kg2 Qh2+ 45. Kf1 Qc2 46. gxh5 Qd1+ 47. Kf2 Rh2+ 48. Kg3 Qg1+ 49. Kf3 Qf2+ 50. Kg4 Rg2+ 51. Kh3 Qg3# 0-1

[Event "*** Titled Tuesday 3|2 Blitz"]
[Site "Chess.com"]
[Date "2016.05.03"]
[Round "6"]
[White "Silent_Terror"]
[Black "jk13"]
[Result "0-1"]
[WhiteElo "2559"]
[BlackElo "2442"]
[TimeControl "180+2"]
[EndTime "18:16:28 PDT"]
[Termination "jk13 won by resignation"]

1. e4 e5 2. Nf3 Nc6 3. Bb5 Nf6 4. O-O Nxe4 5. Re1 Nd6 6. Bxc6 dxc6 7. Nxe5 Be7 8. d4 O-O 9. Bf4 Nf5 10. c3 c5 11.
d5 Bd6 12. c4 Ne7 13. Nc3 Ng6 14. Nxg6 hxg6 15. Bxd6 cxd6 16. Qf3 Bf5 17. Qf4 a6 18.
Re3 Rb8 19. g4 Qh4 20. Rg3 b5 21. Qxd6 Bxg4 22. Qf4 f5 23. f3 g5 24. Qc7 Bh3 25. cxb5 f4 26. Rxh3 Qxh3 27. Rf1 axb5 28. Qxc5 g4 29. d6 g3 30. Qd5+ Kh8 31. Qd2 Rf6 32.
hxg3 Rh6 33. Qg2 Qxg2+ 34. Kxg2 Rxd6 35. Ne4 Rg6 36. g4 Rc6 37. Rf2 Rbc8 38. Nc3 Rc5 39. Rd2 b4 40. Ne4 Rc2 41. Kf1 Rxd2 42. Nxd2 Rc2 43.
Ke1 Rxb2 44. Nc4 Rxa2 45. Ne5 Kh7 46. Nd3 b3 47. Kd1 g5 48. Kc1 Rc2+ 49. Kb1 Kg7 50. Ne1 Rd2 51. Kc1 b2+ 52. Kxd2 b1=Q 53. Nd3 0-1